 Dungeon Crawl Stone Soup version 0.24.0-125-gc4c63601f3 (webtiles) character file.

Game seed: 16993723377714249649, levelgen mode: deterministic

86 Frank2 the Cudgeler (level 4, -3/34 HPs)
             Began as a Demonspawn Gladiator on Mar 1, 2020.
             Slain by a worker ant (4 damage)
             ... on level 4 of the Dungeon.
             The game lasted 00:02:46 (2309 turns).

Frank2 the Cudgeler (Demonspawn Gladiator)          Turns: 2309, Time: 00:02:47

Health: -3/34      AC:  7    Str: 14    XL:     4   Next: 27%
Magic:  4/4        EV: 12    Int:  9    God:
Gold:   99         SH:  0    Dex: 16    Spells: 3/3 levels left

rFire    . . .     SeeInvis .   a - +1 flail
rCold    . . .     Gourm    .   (no shield)
rNeg     . . .     Faith    .   j - +0 ring mail
rPois    .         Spirit   .   c - +1 helmet
rElec    .         Reflect  .   (no cloak)
rCorr    .         Harm     .   (no gloves)
MR       .....                  (no boots)
Stlth    +.........             (no amulet)
HPRegen  0.11/turn              (no ring)
MPRegen  0.09/turn              (no ring)

@: lethally poisoned (-3 -> -7)
A: claws 2
a: no special abilities


You were on level 4 of the Dungeon.
You were not hungry.

You visited 1 branch of the dungeon, and saw 4 of its levels.

You collected 99 gold pieces.

Inventory:

Hand Weapons
 a - a +1 flail (weapon)
Missiles
 d - 3 throwing nets (quivered)
Armour
 c - a +1 helmet (worn)
 j - a +0 ring mail (worn)
Scrolls
 e - 4 scrolls of enchant armour
Potions
 b - a potion of haste
 g - a potion of heal wounds
 i - a potion of curing {unknown}
 k - a potion of resistance {unknown}
 l - a potion of might {unknown}
Comestibles
 f - 10 rations
 h - a chunk of flesh


   Skills:
 + Level 2.5 Fighting
 + Level 3.6 Maces & Flails
 - Level 1.7 Throwing
 + Level 1.0 Armour
 + Level 3.3 Dodging


You had 3 spell levels left.
You didn't know any spells.
Your spell library was empty.

Dungeon Overview and Level Annotations

Branches:
Dungeon (4/15)
 Temple: D:4-7

Altars:
Trog


Innate Abilities, Weirdness & Mutations

You have very sharp fingernails.


Message History

You feel sick.
The worker ant bites you but does no damage.
You closely miss the worker ant.
The worker ant is severely wounded.
You feel sick. The worker ant misses you. The worker ant barely misses you.
You hit the worker ant.
The worker ant is severely wounded.
You feel sick.
The worker ant bites you but does no damage.
You hit the worker ant but do no damage.
The worker ant is severely wounded.
You feel sick. The worker ant bites you.
* * * LOW HITPOINT WARNING * * *
The worker ant bites you.
* * * LOW HITPOINT WARNING * * *
You barely miss the worker ant.
The worker ant is severely wounded.
* * * LOW HITPOINT WARNING * * *
You feel sick. The worker ant bites you.
You die...

##########
#########.........
#######......รท..........
...(........###.#...###.
######.###.###...### #.
#.# #.##.....####. #.#
#.##........#. #.#
#.##.....##.#. #@#
...##...###...
#.a.................
#.#.##...###.##.#..#
#.#.# #.####. #.#..# #
#.# # # #.. #..... #.#.#
#.# ###... ###.#.###
#.#####..# .........
#.##.....# #......#
#.##......


You could see a worker ant.

Vanquished Creatures
  3 adders
  5 worms
  An orc (D:4)
  A ball python (D:1)
  7 goblins
  4 hobgoblins
  4 kobolds
  7 bats
  4 frilled lizards
  10 rats
46 creatures vanquished.

Notes
Turn   | Place    | Note
-------+----------+-------------------------------------------
     0 | D:1      | Frank2 the Demonspawn Gladiator began the quest for the
                  | Orb.
     0 | D:1      | Reached XP level 1. HP: 16/16 MP: 1/1
   136 | D:1      | Gained mutation: You have sharp fingernails. [demonic
                  | ancestry]
   136 | D:1      | Reached XP level 2. HP: 19/22 MP: 2/2
   972 | D:2      | Gained mutation: You have very sharp fingernails. [demonic
                  | ancestry]
   972 | D:2      | Reached XP level 3. HP: 19/27 MP: 3/3
  1813 | D:3      | Reached XP level 4. HP: 17/34 MP: 4/4
  2081 | D:3      | Found a bloodstained altar of Trog.
  2287 | D:4      | Reached skill level 1 in Armour
  2309 | D:4      | HP: 1/34 [poisoned by a worker ant]
  2309 | D:4      | Slain by a worker ant

Levels and vault maps discovered:
D:1:      dpeg_arrival_more_subterranean_lakeside_camping, layout_basic
D:2:      layout_basic
D:3:      layout_loops_cross, lightli_temple_of_fire, first_ration,
          nrook_mini_vaults
D:4:      layout_loops_ring, marbit_many_paths, led_sif_pool

Skill      XL: |  1  2  3  4 |
---------------+-------------+-----
Dodging        | 3 |  3.3
Maces & Flails | 3 |  3.6
Armour         | 1 |  1.0
Fighting       | |  2.5
Throwing       | |  1.7

Action                   |  1- 3 |  4- 6 || total
-------------------------+-------+-------++-------
Melee: Flail             |   129 |    41 ||   170
Throw: Throwing net      |     1 |       ||     1
  Use: Scroll            |     9 |     3 ||    12
  Eat: Ration            |     1 |       ||     1
       Chunk             |       |     1 ||     1
Armor: Leather armour    |    25 |       ||    25
       Ring mail         |    16 |    15 ||    31
Dodge: Dodged            |    88 |    22 ||   110
